 Dungeon Crawl Stone Soup version 0.22.1-1-ga44c0e5 (webtiles) character file.

4418 Fang the Cleaver (level 10, -5/64 HPs)
             Began as a Gargoyle Berserker on Oct 15, 2018.
             Was an Elder of Trog.
             Slain by helicomatic's ghost (8 damage)
             ... on level 6 of the Dungeon.
             The game lasted 00:09:39 (8242 turns).

Fang the Cleaver (Gargoyle Berserker)               Turns: 8242, Time: 00:09:40

Health: -5/64      AC: 24    Str: 23    XL:     10   Next: 36%
Magic:  0/19       EV:  8    Int:  9    God:    Trog [****..]
Gold:   400        SH:  0    Dex:  9    Spells: 9/9 levels left

rFire    + . .     SeeInvis .   a - +0 hand axe
rCold    . . .     Gourm    .   (no shield)
rNeg     + + .     Faith    .   i - +0 plate armour
rPois    ∞         Spirit   +   (no helmet)
rElec    +         Reflect  .   y - +2 cloak
rCorr    .         Harm     .   (no gloves)
MR       .....     Clarity  +   (no boots)
Stlth    ..........             C - amulet of guardian spirit
HPRegen  0.20/turn              p - ring of positive energy
MPRegen  0.16/turn              B - ring of magical power

@: berserk cooldown, slowed, very slow
A: clarity, fire resistance 1, negative energy resistance 1, electricity
resistance, unbreathing, petrification resistance, rot immunity, AC +7
a: Berserk, Trog's Hand, Brothers in Arms, Renounce Religion


You were on level 6 of the Dungeon.
You worshipped Trog.
Trog was greatly pleased with you.
You were not hungry.

You visited 2 branches of the dungeon, and saw 8 of its levels.

You collected 400 gold pieces.

Inventory:

Hand Weapons
 a - a +0 hand axe (weapon)
Armour
 i - a +0 plate armour (worn)
 y - a +2 cloak (worn)
Jewellery
 p - a ring of positive energy (left hand)
 B - a ring of magical power (right hand)
 C - an amulet of guardian spirit (around neck)
Wands
 t - a wand of iceblast (19)
 z - a wand of acid (9)
 D - a wand of flame (37)
Scrolls
 b - 6 scrolls of teleportation {unknown}
 d - 3 scrolls of enchant weapon {unknown}
 e - 3 scrolls of magic mapping {unknown}
 f - 9 scrolls of identify {unknown}
 h - a scroll of enchant armour {unknown}
 k - 4 scrolls of amnesia {unknown}
 l - 4 scrolls of remove curse {unknown}
 m - a scroll of noise {unknown}
 q - 2 scrolls of immolation {unknown}
 s - a scroll of fog {unknown}
 v - 2 scrolls of blinking {unknown}
 w - a scroll of fear {unknown}
Potions
 g - 3 potions of curing {unknown}
 j - 2 potions of brilliance
 o - a potion of ambrosia {unknown}
 r - 2 potions of degeneration {unknown}
 u - a potion of haste {unknown}
 x - a potion of flight {unknown}
 A - a potion of agility {unknown}
Comestibles
 c - 13 rations


   Skills:
 + Level 8.0 Fighting
 + Level 9.8 Axes
 + Level 8.4 Armour
 + Level 3.4 Dodging
 + Level 1.2 Stealth


You had 9 spell levels left.
You didn't know any spells.
Your spell library was empty.

Dungeon Overview and Level Annotations

Branches:
Dungeon (7/15)             Temple (1/1) D:5

Altars:
Dithmenos
Elyvilon
Fedhas
Gozag
Makhleb
Okawaru
Ru
Vehumet
Wu Jian
Xom
Yredelemnul
Zin
The Shining One

Shops:
D:5 :   D:6 [

Annotations:
D:6 helicomatic's ghost, novice TrCK


Innate Abilities, Weirdness & Mutations

You are resistant to torment.
Your stone body is resilient. (AC +7)
You are immune to poison.
You resist negative energy. (rN+)
You are resistant to electric shocks. (rElec)
You can survive without breathing.
You are immune to petrification.
You are immune to rotting.
You possess an exceptional clarity of mind.
Your flesh is heat resistant. (rF+)


Message History

Helicomatic's ghost is almost destroyed.
Helicomatic's ghost hits you but does no damage.
You barely miss helicomatic's ghost.
Helicomatic's ghost is almost destroyed.
Helicomatic's ghost hits you!
* * * LOW HITPOINT WARNING * * *
You closely miss helicomatic's ghost.
Helicomatic's ghost is almost destroyed.
Helicomatic's ghost hits you.
* * * LOW HITPOINT WARNING * * *
You closely miss helicomatic's ghost.
Helicomatic's ghost is almost destroyed.
Helicomatic's ghost whispers, "Death doesn't hurt.
What you feel is life." Helicomatic's ghost hits you.
* * * LOW HITPOINT WARNING * * *
Helicomatic's ghost hits you but does no damage.
You hit helicomatic's ghost but do no damage.
Helicomatic's ghost is almost destroyed.
Helicomatic's ghost hits you!
You die...

#..##...#...##.............
##.##########..............
######..### #.........)....
##.........# ##.............
#.........##### #............#
##........##..8?#####...........#
#........##8....#.###...........#
#........#[.....#.............#.#
#........#).....@..###........#.#
#........#8..$..W..# ##......##.#
##.......#?.....'.## ###....##..
#.......#......#.# #######..
##......##8....#.# ########...
#.......##??8(#######........##
##.......######...............#
###.........######............
########..# ###........###..


You could see helicomatic's ghost.

Vanquished Creatures
  A two-headed ogre (D:7)
  The ghost of BobJohnson the Cudgeler, a novice FoAK of Lugonu (D:6)
  The ghost of flyingllamaman the Cudgeler, a novice GrFi of Okawaru (D:6)
  The ghost of antares the Magician, a novice DEFE (D:6)
  Prince Ribbit (D:7)
  2 hogs (D:7)
  2 yaks (D:7)
  A human (D:7)
  Menkaure (D:7)
  2 sky beasts (D:5)
  An ice beast (D:5)
  3 ogres
  2 phantoms
  2 centaurs
  2 big kobolds (D:6)
  3 bullfrogs (D:6)
  2 howler monkeys (D:6)
  3 crimson imps
  The ghost of Doni34 the Firebug, a weakling TeFE of Nemelex Xobeh (D:6)
  A hound (D:6)
  2 orc priests
  An iguana (D:7)
  Natasha (thrice) (D:2)
  3 orc wizards
  4 worker ants
  A hound zombie (D:6)
  3 gnolls (D:6)
  6 adders
  A shadow imp (D:6)
  An ooze (D:1)
  An adder skeleton (D:6)
  A worm (D:3)
  2 dart slugs
  A leopard gecko (D:1)
  11 orcs
  A ball python (D:1)
  5 giant cockroaches
  5 goblins
  7 hobgoblins
  7 jackals
  14 kobolds
  6 bats
  5 frilled lizards
  A jackal skeleton (D:5)
  2 leopard gecko skeletons
  A quokka zombie (D:7)
  9 rats
137 creatures vanquished.

Notes
Turn   | Place    | Note
-------+----------+-------------------------------------------
     0 | D:1      | Fang the Gargoyle Berserker began the quest for the Orb.
     0 | D:1      | Reached XP level 1. HP: 14/14 MP: 1/1
    74 | D:1      | Reached XP level 2. HP: 10/19 MP: 2/2
   426 | D:1      | Reached skill level 3 in Axes
   848 | D:1      | Reached XP level 3. HP: 24/24 MP: 3/3
  1203 | D:1      | Reached ** piety under Trog
  1652 | D:2      | Found a blossoming altar of Fedhas.
  1780 | D:2      | Noticed Natasha
  1789 | D:2      | Killed Natasha
  1789 | D:2      | Reached XP level 4. HP: 18/29 MP: 4/4
  2085 | D:2      | Noticed Natasha
  2092 | D:2      | Killed Natasha
  2268 | D:2      | Noticed Natasha
  2274 | D:2      | Killed Natasha
  2274 | D:2      | Reached XP level 5. HP: 31/33 MP: 5/5
  2630 | D:2      | Found an iron altar of Okawaru.
  3141 | D:3      | Reached skill level 4 in Axes
  3141 | D:3      | Reached skill level 1 in Stealth
  3191 | D:4      | Noticed an ogre
  3197 | D:4      | Killed an ogre
  3197 | D:4      | Reached XP level 6. HP: 39/39 MP: 6/6
  3359 | D:4      | Found a basalt altar of Yredelemnul.
  3954 | D:5      | Entered Level 5 of the Dungeon
  3956 | D:5      | Noticed a sky beast
  4012 | D:5      | Killed a sky beast
  4012 | D:5      | Reached skill level 5 in Axes
  4012 | D:5      | Reached XP level 7. HP: 29/44 MP: 7/7
  4388 | D:5      | Reached *** piety under Trog
  4527 | D:5      | Found a staircase to the Ecumenical Temple.
  4649 | D:5      | Reached skill level 5 in Fighting
  4727 | D:5      | Reached skill level 5 in Armour
  4727 | D:5      | Reached XP level 8. HP: 49/49 MP: 8/8
  4819 | D:5      | Found Dinokaum's Book Shop.
  4850 | D:5      | Reached skill level 6 in Axes
  5752 | D:6      | Found a burning altar of Makhleb.
  5765 | D:6      | Found Loteot's Armour Emporium.
  5833 | Temple   | Entered the Ecumenical Temple
  6127 | D:6      | Reached skill level 7 in Axes
  6181 | D:6      | Found a runed gate.
  6181 | D:6      | Found a runed gate.
  6183 | D:6      | Noticed Doni34's ghost (weakling TeFE)
  6184 | D:6      | Found a runed gate.
  6184 | D:6      | Noticed antares's ghost (novice DEFE)
  6184 | D:6      | Noticed BobJohnson's ghost (novice FoAK)
  6187 | D:6      | Noticed flyingllamaman's ghost (novice GrFi)
  6187 | D:6      | Noticed helicomatic's ghost (novice TrCK)
  6208 | D:6      | Reached XP level 9. HP: 55/55 MP: 9/9
  6212 | D:6      | Found an ornate altar of the Wu Jian Council.
  6353 | D:6      | Reached **** piety under Trog
  6484 | D:6      | Found a radiant altar of Vehumet.
  6842 | D:7      | Noticed Prince Ribbit
  6965 | D:7      | Reached skill level 8 in Axes
  7546 | D:7      | Found a sacrificial altar of Ru.
  7546 | D:7      | Found a shimmering altar of Xom.
  7550 | D:7      | Found a shadowy altar of Dithmenos.
  7550 | D:7      | Found an opulent altar of Gozag.
  7561 | D:7      | Noticed Menkaure
  7572 | D:7      | Killed Menkaure
  7603 | D:7      | Noticed a two-headed ogre
  7612 | D:7      | Killed a two-headed ogre
  7612 | D:7      | Reached skill level 9 in Axes
  7612 | D:7      | Reached XP level 10. HP: 57/63 MP: 10/10
  7614 | D:7      | Killed Prince Ribbit
  8052 | D:7      | Found a glowing silver altar of Zin.
  8053 | D:7      | Found a white marble altar of Elyvilon.
  8086 | D:7      | Found a glowing golden altar of the Shining One.
  8198 | D:6      | Killed Doni34's ghost
  8205 | D:6      | Killed antares's ghost
  8209 | D:6      | Killed BobJohnson's ghost
  8225 | D:6      | Killed flyingllamaman's ghost
  8232 | D:6      | Gained mutation: You possess an exceptional clarity of
                  | mind. [potion of mutation]
  8232 | D:6      | Gained mutation: Your flesh is heat resistant. (rF+)
                  | [potion of mutation]
  8241 | D:6      | HP: 2/64 [helicomatic's ghost (3)]
  8242 | D:6      | Slain by helicomatic's ghost

Skill      XL: |  1  2  3  4  5  6  7  8  9 10 |
---------------+-------------------------------+-----
Axes           | 3 4 5 7 9 |  9.8
Fighting       | 4 5 6 7 8 |  8.0
Dodging        | 2 3 |  3.4
Stealth        | 1 |  1.2
Armour         | 3 5 6 7 8 |  8.4

Action                   |  1- 3 |  4- 6 |  7- 9 | 10-12 || total
-------------------------+-------+-------+-------+-------++-------
Melee: Hand axe          |   123 |   153 |   569 |    51 ||   896
Invok: Berserk           |     3 |     2 |     6 |     1 ||    12
  Use: Potion            |       |       |     1 |     1 ||     2
  Eat: Chunk             |     4 |     5 |     9 |     2 ||    20
       Ration            |       |     1 |     3 |     1 ||     5
Armor: Animal skin       |    54 |       |       |       ||    54
       Plate armour      |     4 |   112 |   404 |    38 ||   558
Dodge: Dodged            |   131 |    45 |   186 |    12 ||   374
